Map: [EWC] Oceanborn

Players

herO

  • Race: Protoss Protoss
  • Spawn Location: 11:00

Serral - Winner!

  • Race: Zerg Zerg
  • Spawn Location: 5:00

Event: Esports World Cup 2024

VOD

Have the link to the VOD?

Description

Time

  • Played on: Aug. 15, 2024, 7:50 a.m.
  • Length: 22:31

All games in this series

Show
View Real Time Build Order
Export as new Build Order

herO Protoss 

Build Orders: 1 Gate Expand, Mass Adepts 

Get SALT Encoding   

  12  0:00  Probe  
  13  0:12  Probe  
  14  0:17  Pylon  
  14  0:24  Probe (Chrono Boost)  
  14  0:27  Assimilator  
  16  0:36  Probe (Chrono Boost)  
  16  0:43  Probe (Chrono Boost)  
  16  0:46  Gateway  
  17  0:50  Probe  
  18  1:03  Probe  
  19  1:15  Probe  
  20  1:21  Nexus  
  20  1:33  Cybernetics Core  
  20  1:34  Probe  
  21  1:40  Assimilator  
  21  1:46  Probe  
  22  1:48  Pylon  
  22  1:58  Probe  
  23  2:06  Adept (Chrono Boost)  
  23  2:09  Warp Gate  
  23  2:11  Probe  
  26  2:23  Probe (Chrono Boost)  
  26  2:29  Sentry  
  29  2:33  Probe (Chrono Boost)  
  29  2:35  Probe (Chrono Boost)  
  31  2:40  Gateway  
  31  2:42  Gateway, Probe x2 (Chrono Boost)  
  33  2:51  Probe  
  33  2:52  Stalker  
  33  2:54  Probe  
  37  3:05  Gateway  
  37  3:06  Probe (Chrono Boost)  
  37  3:10  Probe (Chrono Boost)  
  39  3:13  Pylon  
  39  3:18  Probe (Chrono Boost)  
  41  3:22  Adept, Probe (Chrono Boost)  
  41  3:23  Probe (Chrono Boost)  
  44  3:30  Probe  
  44  3:31  Adept x2  
  44  3:33  Probe  
  50  3:42  Pylon  
  50  3:46  Pylon  
  52  3:58  Nexus  
  52  4:01  Nexus  
  52  4:09  Adept x3  
  56  4:10  Adept  
  56  4:12  Probe x2  
  60  4:24  Robotics Facility  
  60  4:26  Forge  
  56  4:33  Adept x3  
  56  4:34  Adept  
  56  4:37  Probe (Chrono Boost)  
  56  4:38  Probe (Chrono Boost)  
  66  4:43  Assimilator  
  66  4:44  Assimilator  
  66  4:49  Pylon, Probe (Chrono Boost)  
  66  4:50  Protoss Ground Weapons Level 1, Probe (Chrono Boost)  
  68  4:54  Probe (Chrono Boost)  
  68  4:55  Probe (Chrono Boost)  
  70  5:07  Probe x2  
  70  5:10  Gateway  
  70  5:11  Observer  
  73  5:15  Twilight Council  
  73  5:17  Probe (Chrono Boost)  
  73  5:18  Sentry, Adept  
  80  5:25  Probe x2 (Chrono Boost)  
  80  5:26  Shield Battery  
  80  5:27  Shield Battery  
  81  5:29  Sentry, Probe (Chrono Boost)  
  81  5:33  Probe x2 (Chrono Boost)  
  81  5:34  Immortal (Chrono Boost)  
  81  5:35  Phoenix  
  85  5:41  Probe  
  90  5:43  Probe x2  
  90  5:45  Pylon  
  90  5:48  Shield Battery  
  92  5:53  Blink, Probe  
  93  6:03  Probe x2  
  95  6:05  Probe, Pylon  
  95  6:08  Warp Prism (Chrono Boost), Robotics Bay  
  95  6:11  Pylon  
  96  6:17  Stalker  
  100  6:19  Assimilator, Probe  
  100  6:20  Assimilator  
  100  6:23  Probe x2  
  103  6:25  Stalker x2  
  103  6:26  Stalker  
  103  6:32  Probe  
  110  6:33  Phoenix  
  110  6:35  Probe  
  110  6:36  Probe  
  112  6:40  Photon Cannon  
  112  6:44  Robotics Bay  
  112  6:47  Gateway  
  112  6:49  Gateway  
  112  6:51  Protoss Ground Weapons Level 2 (Chrono Boost)  
  116  6:55  Phoenix  
  116  6:56  Stalker x2  
  116  7:06  Dark Shrine  
  116  7:08  Gateway  
  116  7:11  Pylon  
  116  7:12  Pylon  
  116  7:26  Stalker  
  116  7:28  Immortal (Chrono Boost)  
  122  7:30  Probe  
  122  7:39  Observer, Pylon  
  122  7:43  Nexus  
  122  7:46  Zealot, Pylon  
  122  7:47  Zealot x3  
  130  7:54  Charge, Pylon  
  130  7:55  Shield Battery  
  130  8:00  Disruptor (Chrono Boost)  
  134  8:06  Photon Cannon, Stargate  
  134  8:08  Shield Battery  
  134  8:10  Shield Battery  
  134  8:11  Photon Cannon  
  134  8:12  Photon Cannon  
  134  8:19  Probe x3  
  137  8:20  Photon Cannon  
  137  8:24  Disruptor  
  137  8:25  Assimilator  
  137  8:27  Assimilator  
  141  8:34  Pylon  
  141  8:36  Stalker x5  
  141  8:37  Stalker x3  
  155  8:43  Pylon  
  155  8:44  Photon Cannon  
  155  8:46  Shield Battery  
  149  8:51  Oracle (Chrono Boost)  
  149  8:54  Photon Cannon  
  152  8:56  Disruptor  
  150  9:13  Dark Templar x4  
  150  9:17  Fleet Beacon  
  158  9:23  Zealot x4  
  166  9:27  Shield Battery  
  166  9:30  Stargate  
  166  9:32  Protoss Ground Weapons Level 3 (Chrono Boost)  
  164  9:40  Immortal (Chrono Boost)  
  166  9:48  Photon Cannon  
  144  9:59  Stalker x5  
  153  10:00  Stalker  
  145  10:12  Disruptor  
  137  10:29  Zealot x5  
  137  10:30  Zealot x3  
  137  10:31  Mothership (Chrono Boost)  
  137  10:35  Probe x3 (Chrono Boost)  
  156  10:37  Photon Cannon  
  156  10:42  Tempest x2 (Chrono Boost)  
  156  10:45  Probe  
  167  10:53  Probe x2  
  167  10:54  Pylon  
  167  10:56  Pylon  
  169  10:57  Probe  
  169  10:59  Templar Archives  
  169  11:00  Zealot x4  
  178  11:09  Zealot x3  
  184  11:16  Tempest x2 (Chrono Boost)  
  184  11:29  Zealot x2  
  184  11:30  Zealot x3  
  178  11:38  Psionic Storm  
  158  11:47  High Templar x3  
  160  11:56  Zealot x4  
  160  12:03  Photon Cannon  
  160  12:05  Photon Cannon  
  160  12:06  High Templar  
  160  12:07  Oracle (Chrono Boost)  
  160  12:08  Tempest (Chrono Boost)  
  160  12:09  Protoss Shields Level 1  
  168  12:18  Pylon  
  168  12:20  Nexus  
  168  12:24  Zealot  
  168  12:25  Zealot x2  
  174  12:30  Protoss Air Weapons Level 1 (Chrono Boost)  
  174  12:36  Photon Cannon  
  174  12:37  Zealot x4  
  174  12:48  Tempest (Chrono Boost)  
  174  12:49  Tempest (Chrono Boost)  
  174  12:50  Shield Battery  
  170  12:51  Shield Battery  
  170  12:54  High Templar x2  
  182  13:03  Zealot x4  
  190  13:13  Dark Templar x2  
  190  13:15  Probe  
  190  13:16  Probe x3  
  198  13:23  Archon  
  198  13:35  Assimilator  
  198  13:36  Assimilator  
  190  13:48  Dark Templar  
  190  13:49  Dark Templar x4  
  190  13:54  Photon Cannon  
  198  13:56  Photon Cannon x2  
  198  13:57  Shield Battery  
  198  14:04  Archon x2  
  198  14:10  Observer  
  197  14:29  Dark Templar x8  
  191  14:35  Immortal (Chrono Boost)  
  134  15:02  Probe x3  
  134  15:04  Zealot x5, Tempest x2 (Chrono Boost)  
  134  15:05  Zealot x2  
  154  15:14  Probe x2  
  154  15:16  Probe x2 (Chrono Boost)  
  154  15:17  Observer  
  158  15:24  Templar Archives  
  167  15:32  Zealot x6, Probe (Chrono Boost)  
  167  15:33  Mothership (Chrono Boost)  
  167  15:34  Probe x2 (Chrono Boost)  
  179  15:39  Pylon  
  179  15:45  Cybernetics Core  
  180  16:01  Zealot x2  
  180  16:03  Zealot x4  
  181  16:11  Tempest (Chrono Boost)  
  181  16:16  Probe x2 (Chrono Boost)  
  181  16:17  Probe (Chrono Boost)  
  185  16:24  Probe (Chrono Boost)  
  186  16:29  High Templar  
  186  16:32  Pylon  
  188  16:33  Pylon  
  188  16:34  Photon Cannon  
  188  16:39  Protoss Shields Level 2  
  188  16:49  Protoss Air Weapons Level 2 (Chrono Boost)  
  188  16:50  Observer, Tempest  
  183  17:08  Observer  
  170  17:14  Probe x3  
  170  17:15  High Templar x4  
  164  17:16  High Templar x2  
  164  17:20  Zealot  
  172  17:31  Probe x3  
  175  17:40  Tempest x2  
  175  17:41  Nexus  
  175  17:42  Pylon  
  180  17:53  Zealot x4  
  156  18:16  Photon Cannon  
  156  18:17  Photon Cannon  
  156  18:19  Shield Battery  
  156  18:20  Tempest x2 (Chrono Boost)  
  166  18:27  High Templar x3  
  172  18:41  Zealot x4  
  179  18:46  Observer  
  170  19:09  Zealot x6  
  178  19:24  Archon  
  178  19:35  Flux Vanes  
  178  19:36  Void Ray x2 (Chrono Boost)  
  163  19:55  Mothership (Chrono Boost)  
  157  20:00  Dark Templar x2  
  157  20:01  Dark Templar x2  
  157  20:04  Probe x4 (Chrono Boost)  
  157  20:05  Archon x2  
  169  20:10  High Templar x2  
  173  20:15  Probe x2 (Chrono Boost)  
  173  20:16  Probe x2 (Chrono Boost)  
  173  20:21  Observer  
  180  20:33  Probe x2 (Chrono Boost)  
  148  20:49  Stalker x7  
  142  21:14  Stalker x7  
  156  21:19  Observer (Chrono Boost)  
  114  21:55  Archon  
  114  21:57  Stalker x7  
  63  22:27  Stalker x7  
Show
View Real Time Build Order
Export as new Build Order

Serral Zerg - Winner!

Build Orders: Hatch First, Lurkers, Roach Hydra 

Get SALT Encoding   

  12  0:00  Drone  
  13  0:08  Drone  
  14  0:17  Overlord  
  14  0:40  Drone  
  15  0:43  Hatchery  
  15  0:48  Drone  
  15  0:51  Drone  
  15  0:56  Drone  
  17  1:01  Drone  
  18  1:10  Extractor  
  17  1:15  Spawning Pool  
  17  1:18  Drone  
  17  1:23  Drone  
  18  1:35  Drone  
  19  1:44  Drone  
  20  1:56  Drone  
  20  1:57  Overlord  
  21  2:01  Queen x2  
  21  2:06  Zergling x4  
  27  2:12  Metabolic Boost  
  27  2:16  Drone  
  27  2:17  Drone  
  29  2:27  Drone  
  29  2:28  Drone  
  31  2:39  Hatchery  
  31  2:42  Queen  
  32  2:46  Drone  
  32  2:49  Overlord  
  33  2:57  Drone  
  33  2:58  Drone  
  35  2:59  Drone  
  35  3:07  Queen, Overlord  
  35  3:11  Drone x2  
  39  3:13  Drone  
  39  3:16  Drone  
  41  3:21  Queen  
  43  3:28  Drone x2  
  43  3:29  Drone  
  43  3:33  Drone  
  47  3:38  Roach Warren  
  47  3:40  Zergling x2  
  47  3:44  Overlord  
  47  3:47  Zergling x8  
  51  3:54  Extractor  
  50  3:56  Zergling x4  
  50  3:57  Zergling x4  
  50  4:02  Zergling x4  
  56  4:04  Overlord  
  56  4:06  Overlord  
  56  4:17  Overlord  
  56  4:18  Drone x2  
  56  4:21  Overlord  
  57  4:27  Zergling x14  
  57  4:31  Drone x2  
  62  4:32  Drone  
  62  4:40  Roach  
  62  4:41  Drone x2  
  62  4:45  Lair  
  66  4:47  Roach  
  66  4:49  Roach  
  66  4:51  Roach  
  72  4:56  Roach x2  
  76  5:00  Ravager  
  76  5:01  Drone x3  
  76  5:06  Drone x3  
  83  5:10  Drone  
  83  5:11  Drone x2  
  83  5:13  Overlord  
  86  5:16  Overlord  
  86  5:18  Roach  
  88  5:23  Overlord  
  88  5:27  Drone x2  
  90  5:31  Extractor  
  90  5:33  Overlord  
  90  5:34  Roach x2  
  93  5:38  Drone x4  
  93  5:39  Drone x2  
  98  5:44  Glial Reconstitution  
  98  5:45  Drone x2  
  98  5:46  Drone x2  
  98  5:49  Overseer  
  102  5:50  Overseer  
  102  5:51  Extractor  
  102  5:53  Drone  
  102  5:56  Drone x2  
  104  5:58  Drone  
  105  6:06  Extractor  
  105  6:07  Drone x3  
  105  6:08  Extractor, Infestation Pit  
  105  6:10  Drone x2  
  107  6:12  Drone x2  
  107  6:15  Hatchery  
  108  6:22  Overlord  
  108  6:27  Overlord  
  108  6:28  Roach  
  108  6:29  Roach x2  
  108  6:31  Overlord  
  114  6:35  Roach x3  
  114  6:36  Evolution Chamber  
  119  6:43  Roach x2  
  119  6:44  Roach x2  
  127  6:49  Drone  
  127  6:51  Ravager, Roach x7  
  143  6:56  Overlord  
  143  7:00  Overlord, Hive  
  143  7:02  Zerg Missile Weapons Level 1  
  143  7:17  Hydralisk Den  
  143  7:21  Drone x4  
  146  7:25  Drone x7  
  153  7:31  Drone x3  
  156  7:38  Zergling x8  
  156  7:41  Overlord x4  
  159  7:47  Spore Crawler  
  159  7:48  Muscular Augments, Extractor  
  159  7:51  Drone x3, Extractor, Lurker Den  
  159  7:57  Zergling x2  
  159  7:59  Pneumatized Carapace  
  159  8:00  Overseer  
  159  8:01  Overlord  
  159  8:02  Zergling x6  
  161  8:09  Spine Crawler  
  160  8:18  Viper x2  
  164  8:21  Drone  
  164  8:22  Drone x2  
  164  8:23  Zergling x16  
  175  8:27  Hydralisk x4  
  175  8:29  Overseer  
  181  8:38  Drone x7  
  185  8:50  Seismic Spines, Hydralisk x4  
  185  8:51  Zergling x12  
  185  8:52  Grooved Spines  
  199  8:57  Hatchery  
  199  9:00  Zerg Missile Weapons Level 2, Evolution Chamber  
  187  9:12  Hydralisk x2  
  187  9:13  Zergling x16  
  194  9:17  Adrenal Glands  
  194  9:38  Drone x4  
  194  9:42  Zerg Melee Weapons Level 1  
  192  9:46  Spire  
  192  9:47  Adaptive Talons  
  192  9:50  Hydralisk x7  
  198  9:58  Overseer  
  186  10:08  Hydralisk x2  
  186  10:09  Zergling x22  
  177  10:28  Drone x2, Lurker  
  177  10:29  Lurker x5  
  185  10:36  Lurker x7  
  185  10:38  Overseer  
  185  10:41  Spine Crawler  
  185  10:42  Spine Crawler, Drone x2  
  191  10:43  Drone x7, Extractor x2  
  191  10:44  Spine Crawler  
  191  10:48  Drone x2  
  197  10:55  Spine Crawler, Spore Crawler  
  195  10:57  Spine Crawler, Overseer  
  195  10:58  Spine Crawler  
  191  11:12  Zergling x16  
  196  11:21  Greater Spire  
  196  11:22  Spire  
  192  11:26  Spine Crawler, Drone x2  
  192  11:29  Spine Crawler  
  192  11:31  Spine Crawler x2  
  182  11:32  Spine Crawler  
  182  11:34  Drone x2  
  182  11:39  Zergling x34  
  199  11:45  Zergling x24  
  196  12:01  Zerg Melee Weapons Level 2, Zerg Ground Armor Level 1  
  196  12:04  Overlord x2  
  196  12:06  Overlord  
  196  12:11  Overlord  
  196  12:12  Overlord  
  196  12:22  Lurker x4  
  200  12:28  Spore Crawler x2  
  195  12:36  Zerg Flyer Weapons Level 1, Zerg Flyer Armor Level 1  
  193  12:40  Hatchery  
  188  12:54  Corruptor x6  
  200  13:00  Overseer  
  200  13:07  Hatchery  
  200  13:09  Corruptor  
  200  13:17  Overseer  
  200  13:24  Spore Crawler, Lurker  
  200  13:42  Spore Crawler  
  200  13:43  Spore Crawler  
  200  13:44  Spore Crawler x4  
  194  13:50  Corruptor x3  
  194  13:52  Overlord  
  201  14:04  Overlord  
  197  14:20  Corruptor x4  
  192  14:48  Corruptor x8  
  189  15:09  Hatchery  
  184  15:15  Infestor x6  
  184  15:16  Infestor  
  198  15:23  Zerg Melee Weapons Level 3, Zerg Ground Armor Level 2  
  198  15:25  Drone  
  198  15:26  Overseer, Zerg Flyer Weapons Level 2, Zerg Flyer Armor Level 2  
  199  15:41  Overseer  
  193  16:01  Brood Lord x10  
  193  16:04  Burrow  
  200  16:10  Corruptor x2  
  200  16:15  Drone x3  
  200  16:17  Extractor x2  
  185  16:34  Drone  
  185  16:39  Spore Crawler x2  
  184  16:40  Spore Crawler  
  184  16:41  Drone, Spore Crawler  
  184  16:43  Corruptor x4  
  184  16:44  Corruptor  
  184  16:45  Overseer x2  
  191  17:03  Corruptor  
  191  17:04  Corruptor x3  
  191  17:14  Viper  
  190  17:18  Corruptor x3  
  198  17:23  Drone x2  
  200  17:33  Queen  
  197  17:38  Brood Lord  
  197  17:40  Zergling x2  
  199  17:54  Drone x14  
  194  18:08  Zergling x2  
  194  18:09  Zergling x12  
  197  18:14  Extractor  
  197  18:19  Zerg Flyer Armor Level 3, Zerg Flyer Weapons Level 3  
  196  18:25  Drone x4  
  197  18:46  Zergling x10  
  192  19:01  Overseer  
  192  19:02  Neural Parasite  
  191  19:07  Zergling x18  
  186  19:24  Hydralisk x8  
  197  19:33  Hydralisk x4  
  196  19:43  Drone x4  
  196  19:44  Drone x8  
  185  19:45  Zergling x2  
  185  19:46  Zergling x12  
  185  19:48  Hydralisk x2  
  185  19:52  Viper  
  198  20:01  Hatchery  
  198  20:02  Lurker x7  
  200  20:17  Overlord  
  191  20:39  Corruptor x5  
  191  20:41  Infestor x6  
  193  20:49  Overlord x2  
  187  20:54  Corruptor x2  
  187  20:55  Corruptor  
  191  20:57  Zergling x2  
  191  20:58  Zergling x8  
  181  21:13  Brood Lord  
  181  21:14  Brood Lord x3  
  181  21:15  Corruptor x5  
  195  21:39  Infestor x2  
Tags
 
Add a new tag
Caveats
  • Supply blocks, unpowered buildings, or Contaminate may cause inaccurate times.
  • Supply counts are checked every 10 seconds.